 Dungeon Crawl Stone Soup version 0.24-a0-280-g7cec4da (console) character file.

Game seed: 5346422386717762502

258940 Zp the Blocker (level 20, -5/105 HPs)
             Began as a Vine Stalker Venom Mage on May 4, 2019.
             Was a High Priest of Uskayaw.
             Killed from afar by a deep elf annihilator (32 damage)
             ... with a poison arrow
             ... on level 3 of the Elven Halls on May 6, 2019.
             The game lasted 03:03:45 (38203 turns).

Zp the Blocker (Vine Stalker Venom Mage)           Turns: 38203, Time: 03:03:46

Health: -5/105     AC: 28    Str: 15    XL:     20   Next: 30%
Magic:  0/31       EV: 16    Int: 25    God:    Uskayaw [*****.]
Gold:   1285       SH: 15    Dex: 14    Spells: 5/30 levels left

rFire    . . .     SeeInvis +   a - +9 quick blade (flame)
rCold    + . .     Gourm    .   V - +2 shield {reflect}
rNeg     . . .     Faith    +   l - +5 ring mail of the Hills {Int+4}
rPois    .         Spirit   +   q - +2 helmet
rElec    .         Reflect  +   s - +0 cloak of the Lute {rC+ MR+}
rCorr    +         Harm     .   P - +2 pair of gloves {archery}
MR       +++..                  x - +1 pair of boots "Earthly Heaven" {*Contam Regen+ rCorr SInv}
Stlth    +++++.....             S - amulet of faith
HPRegen  1.47/turn              y - +5 ring of slaying
MPRegen  0.22/turn              E - ring of Robustness {AC+8}

@: lethally poisoned (-5 -> -6), very slightly contaminated
A: fangs 3, regeneration 2, magic shield, antimagic bite, no potion heal 3, rot
immunity
}: 1/15 runes: serpentine
a: Stomp, Line Pass, Grand Finale, Renounce Religion


You were on level 3 of the Elven Halls.
You worshipped Uskayaw.
Uskayaw was pleased with you.
You were very hungry.

You visited 6 branches of the dungeon, and saw 31 of its levels.
You visited 1 bazaar.
You also visited: Gauntlet and Ice Cave.

You collected 4202 gold pieces.
You spent 2917 gold pieces at shops.

Inventory:

Hand Weapons
 a - a +9 quick blade of flaming (weapon)
 c - the +2 quick blade of the Land of Plenty {pain, rElec}
   (You acquired it on level 15 of the Dungeon)

   In the hands of one skilled in necromantic magic, it inflicts extra damage on
   living creatures.
   It insulates you from electricity.
 d - the +6 short sword of Winter {venom, rPois rC+ Dex+4}
   (You found it in a Gauntlet)

   It poisons the flesh of those it strikes.
   It affects your dexterity (+4).
   It protects you from cold.
   It protects you from poison.
 e - a +0 vampiric short sword
 w - a +2 rapier of protection
 I - a +1 short sword of distortion
 J - a +2 bardiche of draining
 K - a +2 triple sword of holy wrath
 L - a +2 scimitar of distortion
 R - a +0 vampiric short sword
Missiles
 n - 102 stones (quivered)
 A - 387 arrows
 C - 44 sling bullets
 H - 20 poisoned needles
 M - 8 bolts
Armour
 l - the +5 ring mail of the Hills (worn) {Int+4}
   (You bought it in a shop in a bazaar)

   It affects your intelligence (+4).
 q - a +2 helmet (worn)
 s - the +0 cloak of the Lute (worn) {rC+ MR+}
   (You found it in a Gauntlet)

   It protects you from cold.
   It affects your resistance to hostile enchantments.
 x - the +1 pair of boots "Earthly Heaven" (worn) {*Contam Regen+ rCorr SInv}
   (You found it in an ice cave)

   It lets you see invisible.
   It causes magical contamination when unequipped.
   It increases your rate of regeneration.
   It provides partial protection from all sources of acid and corrosion.
 P - a +2 pair of gloves of archery (worn)
 V - a +2 shield of reflection (worn)
Magical Staves
 b - an uncursed staff of wizardry
Jewellery
 i - an uncursed ring of magical power
 y - a +5 ring of slaying (left hand)
 E - the ring of Robustness (right hand) {AC+8}
   (You bought it in a shop on level 1 of the Elven Halls)

   [ring of protection]

   It affects your AC (+8).
 G - an uncursed ring of protection from fire
 S - an amulet of faith (around neck)
 U - an uncursed ring of flight
Wands
 f - a wand of enslavement (16)
 t - a wand of paralysis (14)
 v - a wand of acid (32)
 N - a wand of clouds (3)
 Z - a wand of digging (10)
Scrolls
 m - 3 scrolls of magic mapping
 r - 10 scrolls of identify
 z - 19 scrolls of remove curse
 F - a scroll of fog
 O - 8 scrolls of teleportation
 X - 3 scrolls of fear
 Y - a scroll of amnesia
Potions
 g - 3 potions of might
 j - 2 potions of haste
 k - 16 potions of curing
 p - 3 potions of agility
 B - a potion of mutation
 D - 3 potions of cancellation
 Q - 4 potions of magic
 T - a potion of invisibility
 W - 3 potions of resistance
Comestibles
 h - 3 chunks of flesh
 o - 44 rations


   Skills:
 - Level 11.0 Fighting
 - Level 13.0 Short Blades
 + Level 3.6 Armour
 + Level 9.9 Dodging
 + Level 14.2 Stealth
 + Level 14.4 Shields
 + Level 5.6 Spellcasting
 - Level 1.0 Conjurations
 + Level 12.8 Hexes
 + Level 3.9 Translocations
 - Level 9.0 Poison Magic
 * Level 14.3 Invocations


You had 5 spell levels left.
You knew the following spells:

 Your Spells              Type           Power        Failure   Level  Hunger
b - Blink                 Tloc           N/A          4%          2    None
k - Tukima's Dance        Hex            ######..     1%          3    #......
m - Mephitic Cloud        Conj/Pois/Air  ###.....     12%         3    #......
t - Confusing Touch       Hex            ######       1%          1    None
v - Poisonous Vapours     Pois/Air       ####..       3%          2    None
G - Passage of Golubria   Tloc           N/A          32%         4    ###....
I - Invisibility          Hex            ######..     12%         6    ######.
R - Olgreb's Toxic Radia  Pois           ######..     3%          4    ###....

Your spell library contained the following spells:

 Spells                   Type           Power        Failure   Level  Hunger
 Sting                    Conj/Pois      ####         1%          1    None
 Confuse                  Hex            ######..     1%          3    #......
 Dazzling Spray           Conj/Hex       #####.       2%          3    #......
 Apportation              Tloc           ####..       3%          1    None
 Inner Flame              Hex/Fire       #####...     3%          3    #......
 Fulminant Prism          Conj/Hex       #####.....   9%          4    ###....
 Gell's Gravitas          Tloc           ####......   10%         3    #......
 Lesser Beckoning         Tloc           ####......   10%         3    #......
 Teleport Other           Tloc           ####....     10%         3    #......
 Magic Dart               Conj           ##..         11%         1    None
 Shroud of Golubria       Chrm/Tloc      ###.......   11%         2    None
 Flame Tongue             Conj/Fire      #....        13%         1    None
 Animate Skeleton         Necr           N/A          16%         1    None
 Summon Butterflies       Summ           #.......     16%         1    None
 Summon Small Mammal      Summ           #...         16%         1    None
 Searing Ray              Conj           ##....       16%         2    None
 Throw Flame              Conj/Fire      #.....       19%         2    None
 Metabolic Englaciation   Hex/Ice        #####.....   30%         5    #####..
 Yara's Violent Unravell  Hex/Tmut       #####.....   30%         5    #####..
 Conjure Flame            Conj/Fire      #.......     36%         3    #......
 Static Discharge         Conj/Air       #.......     36%         3    #......
 Force Lance              Conj/Tloc      ###.....     50%         4    ###....
 Venom Bolt               Conj/Pois      ####......   50%         5    #####..
 Alistair's Intoxication  Tmut/Pois      ####....     56%         5    #####..
 Iskenderun's Mystic Bla  Conj           ##......     71%         4    ###....
 Sticky Flame             Conj/Fire      #.......     77%         4    ###....
 Ice Form                 Ice/Tmut       #.......     85%         4    ###....
 Petrify                  Tmut/Erth      #.......     85%         4    ###....
 Fireball                 Conj/Fire      #.........   98%         5    #####..
 Irradiate                Conj/Tmut      #.........   98%         5    #####..
 Lightning Bolt           Conj/Air       #.........   98%         5    #####..
 Bolt of Cold             Conj/Ice       #.........   100%        6    ######.
 Freezing Cloud           Conj/Ice/Air   #.........   100%        6    ######.
 Hydra Form               Tmut           #.........   100%        6    ######.
 Ozocubu's Refrigeration  Ice            #.........   100%        6    ######.
 Simulacrum               Ice/Necr       #.........   100%        6    ######.
 Statue Form              Tmut/Erth      #........    100%        6    ######.
 Dragon Form              Tmut           #.........   100%        7    #######
 Ignition                 Fire           #.........   100%        8    #######
 Shatter                  Erth           #.........   100%        9    #######
 Tornado                  Air            #.........   100%        9    #######


Dungeon Overview and Level Annotations

Branches:
Dungeon (15/15)            Temple (1/1) D:7            Lair (6/6) D:10
  Swamp (0/4) Lair:4        Snake (4/4) Lair:3        Slime (0/5) Lair:5
    Orc (2/2) D:10            Elf (3/3) Orc:2        Vaults (0/5) D:13
 Depths (0/5) D:15

Altars:
Ashenzari
Cheibriados
Dithmenos
Elyvilon
Fedhas
Gozag
Hepliaklqana
Kikubaaqudgha
Makhleb
Nemelex Xobeh
Okawaru
Qazlal
Ru
Sif Muna
Trog
Uskayaw
Vehumet
Wu Jian
Xom
Yredelemnul
Zin
The Shining One
Beogh
Jiyva

Shops:
D:12 :   Orc:2 (}([   Elf:1 !}=}   Elf:2 [   Elf:3 [   Snake:4 [


Innate Abilities, Weirdness & Mutations

You have razor-sharp teeth.
You heal very quickly.
When hurt, damage is shared between your health and your magic reserves.
Your bite disrupts and absorbs the magic of your enemies.
Potions cannot restore your health.
You are immune to rotting.


Message History

a +0 long sword; a +0 rapier; a +0 leather armour; a +0 rapier
Things that are here:
a +0 leather armour; a cursed -3 longbow Unknown command.
Unknown command.
Okay, then.
Unknown command.
Eat one of 3 chunks of flesh? (ye/n/q)
Okay, then.
Unknown command.
Unknown command.
Evoke which item? (* to show all) (? for menu, Esc to quit)
Aiming: Corrosive Bolt
Press: ? - help, Shift-Dir - straight line, f - deep elf annihilator
Aim: a deep elf annihilator, wielding a +0 long sword and wearing a cursed +0 leather armour (blue smoke, severely wounded, poisoned)
The bolt of acid misses the deep elf annihilator.
The deep elf annihilator casts a spell at you.
The poison arrow hits you!!
You are poisoned.
You die...

(..........%....
................
#.).§§§§..#
#§§§§§# ###§###
#§# #§# #e# #@#
#.# #)# ####
########.# ###
#### #..#
#...)....# #.#
#... #..#
####'##### #.#
#..# #..## #.#
##.# #..#
#...######.#
#..#####..#
##.......).#
#.....)...#


You could see a deep elf annihilator.

Vanquished Creatures
  Saint Roka (Orc:2)
  Rupert (D:12)
  The ghost of Paghisole the Priest, an adept HOMo of Beogh (Snake:2)
  4 deep elf master archers (Elf:3)
  5 deep elf blademasters
  Kirke (Lair:6)
  Frances (Elf:1)
  Donald (Snake:3)
  8 nagarajas
  5 deep elf sorcerers
  A frost giant (IceCv)
  A deep elf elementalist (Elf:3)
  Aizul (Snake:1)
  2 deep elf demonologists (Elf:3)
  Azrael (D:15)
  The ghost of stupendous the Fencer, a journeyman FoFi of Qazlal (D:14)
  A dire elephant (D:15)
  Nessos (D:12)
  A minotaur (Gauntlet)
  6 deep elf annihilators (Elf:3)
  2 deep elf death magi
  Snorg (D:10)
  3 deep elf high priests
  Fannar (D:12)
  2 fire dragons
  A great orb of eyes (D:13)
  3 hydras
  14 naga warriors
  4 centaur warriors
  13 anacondas
  4 vault guards (D:13)
  2 ogre magi (D:13)
  10 two-headed ogres
  A death knight (D:12)
  A tengu warrior (D:13)
  A queen ant (Lair:2)
  The ghost of Yelwes the Cleaver, a novice DsFi (D:8)
  2 death yaks (IceCv)
  12 naga sharpshooters
  24 dancing weapons
  4 orc high priests
  9 shock serpents
  2 salamander mystics (Snake:4)
  Sonja (Lair:3)
  Nergalle (Lair:2)
  16 deep elf knights
  A fire crab (Gauntlet)
  A sixfirhy (Gauntlet)
  5 sea snakes (Snake:3)
  A spectral anaconda (Snake:3)
  7 unseen horrors
  2 lindwurms (Lair:6)
  An unseen horror (shapeshifter) (Elf:1)
  A flayed ghost (D:14)
  10 deep elf archers
  A wizard (D:14)
  A swamp dragon (shapeshifter) (D:13)
  12 naga ritualists
  10 ugly things
  8 orc knights
  2 oklob plants
  2 cyclopes
  A wolf spider (D:15)
  2 manticores
  7 mana vipers
  56 deep elf magi
  4 orc sorcerers
  7 salamanders
  The ghost of BRAPZZ the Cudgeler, a novice NaCK of Xom (D:6)
  39 black mambas
  6 elephants
  7 guardian serpents (Snake:4)
  Psyche (D:12)
  4 gargoyles
  15 naga magi
  3 molten gargoyles
  An ice statue (IceCv)
  9 spiny frogs
  2 efreet
  A rime drake (shapeshifter) (Elf:1)
  2 rime drakes
  7 komodo dragons
  3 freezing wraiths
  2 kobold demonologists
  4 tengu conjurers
  9 trolls
  15 polar bears (IceCv)
  A polar bear (shapeshifter) (D:14)
  10 blink frogs
  A tyrant leech (Lair:4)
  8 slime creatures
  4 dream sheep (Lair:4)
  10 hippogriffs
  A spectral black mamba (Snake:3)
  Sigmund (D:4)
  3 air elementals
  A shock serpent simulacrum (Snake:3)
  4 wraiths
  7 fire elementals
  8 wyverns
  2 vampires
  5 humans
  3 fire bats (Gauntlet)
  A water elemental (Elf:1)
  86 yaks
  2 steam dragons
  A basilisk (shapeshifter) (D:15)
  5 basilisks
  4 hungry ghosts
  2 vampire mosquitoes (D:15)
  Menkaure (D:4)
  12 soldier ants
  An acid dragon (Gauntlet)
  4 wargs
  4 swamp worms
  53 nagas
  Edmund (D:6)
  14 water moccasins
  7 hell hounds
  Duvessa (D:4)
  43 orc warriors
  10 porcupines
  9 ice beasts
  4 sky beasts
  4 black bears
  6 eyes of draining
  3 phantoms
  A black mamba simulacrum (Snake:3)
  16 ogres
  22 wolves
  A boggart (D:13)
  8 centaurs
  18 crocodiles
  4 big kobolds
  Blork the orc (D:6)
  21 bullfrogs
  2 wyvern zombies (D:11)
  2 naga simulacra (Snake:3)
  2 earth elementals
  Dowan (D:4)
  2 scorpions (D:8)
  3 wyvern skeletons
  3 spectral nagas (Snake:3)
  19 killer bees
  18 wights
  6 electric eels
  5 howler monkeys
  7 lava snakes
  2 quasits
  A bullfrog zombie (D:8)
  8 crimson imps
  11 hounds
  3 bullfrog skeletons
  28 orc priests
  A gnoll shaman (D:8)
  7 jellies
  21 orc wizards
  6 centaur skeletons
  Jessica (D:3)
  5 iguanas
  Natasha (thrice) (D:3)
  28 worker ants
  A killer bee zombie (D:8)
  A hound zombie (D:8)
  A hound skeleton (D:8)
  2 worker ant zombies
  Robin (D:3)
  21 adders
  10 gnolls
  7 shadow imps
  4 ufetubi (Gauntlet)
  6 oozes
  5 worms
  3 dart slugs
  5 leopard geckos
  114 orcs
  3 ball pythons
  10 giant cockroaches
  13 goblins
  16 hobgoblins
  10 jackals
  33 kobolds
  3 quokkas
  8 bats
  8 frilled lizards
  A leopard gecko zombie (D:7)
  2 quokka skeletons
  7 rats
  A bush (D:3)
  A plant (Lair:3)
1383 creatures vanquished.

Vanquished Creatures (others)
  A polar bear (IceCv)
  A naga (Snake:3)
  A bush (D:15)
  5 fungi
  11 plants
19 creatures vanquished.

Grand Total: 1402 creatures vanquished

Notes
Turn   | Place    | Note
-------+----------+-------------------------------------------
     0 | D:1      | Zp the Vine Stalker Venom Mage began the quest for the Orb.
     0 | D:1      | Reached XP level 1. HP: 9/9 MP: 4/4
   267 | D:1      | Reached XP level 2. HP: 13/13 MP: 4/6
   271 | D:1      | Learned a level 2 spell: Poisonous Vapours
   812 | D:2      | Reached XP level 3. HP: 15/16 MP: 6/8
   817 | D:2      | Learned a level 3 spell: Mephitic Cloud
  1420 | D:2      | Gained mutation: Your natural rate of healing is unusually
                  | fast. [Vine Stalker growth]
  1420 | D:2      | Reached XP level 4. HP: 21/21 MP: 6/9
  1974 | D:3      | Reached skill level 5 in Poison Magic
  2121 | D:3      | Reached XP level 5. HP: 24/24 MP: 5/10
  2127 | D:3      | Learned a level 4 spell: Olgreb's Toxic Radiance
  2227 | D:3      | Noticed Robin
  2234 | D:3      | Killed Robin
  2466 | D:3      | Reached skill level 1 in Short Blades
  2621 | D:3      | Found a hazy altar of Hepliaklqana.
  2623 | D:3      | Found a glowing golden altar of the Shining One.
  2625 | D:3      | Noticed Natasha
  2628 | D:3      | Killed Natasha
  2628 | D:3      | Reached XP level 6. HP: 28/28 MP: 0/11
  2779 | D:3      | Noticed Jessica
  2799 | D:3      | Killed Jessica
  3234 | D:3      | Found a burning altar of Makhleb.
  3436 | D:3      | Found a glowing golden altar of the Shining One.
  3438 | D:3      | Found a hazy altar of Hepliaklqana.
  3619 | D:3      | Noticed Natasha
  3623 | D:3      | Killed Natasha
  3748 | D:3      | Found a burning altar of Makhleb.
  3823 | D:3      | Noticed Natasha
  3825 | D:3      | Killed Natasha
  3949 | D:4      | Reached XP level 7. HP: 32/32 MP: 0/12
  4075 | D:4      | Noticed Dowan
  4076 | D:4      | Noticed Duvessa
  4082 | D:4      | Killed Duvessa
  4084 | D:4      | Killed Dowan
  4084 | D:4      | Reached skill level 1 in Fighting
  4222 | D:4      | Noticed Menkaure
  4272 | D:4      | Noticed Sigmund
  4356 | D:4      | Killed Sigmund
  4526 | D:4      | Gained mutation: You have razor-sharp teeth. [Vine Stalker
                  | growth]
  4526 | D:4      | Reached XP level 8. HP: 38/38 MP: 3/13
  4636 | D:5      | Entered Level 5 of the Dungeon
  4939 | D:5      | Reached skill level 5 in Short Blades
  5161 | D:6      | Found a radiant altar of Vehumet.
  5245 | D:6      | Noticed Blork the orc
  5251 | D:6      | Killed Blork the orc
  5378 | D:6      | Found a blossoming altar of Fedhas.
  5511 | D:6      | Found an iron altar of Okawaru.
  5624 | D:6      | Found a transporter.
  5628 | D:6      | Noticed BRAPZZ's ghost (novice NaCK)
  5631 | D:6      | Identified the cursed +1 great mace "Gottouh" {pain, *Drain
                  | Str+4}
  5631 | D:6      | Identified the +6 dire flail "Kineutan" {holy, rN+ MP+9}
  5631 | D:6      | Noticed a two-headed ogre
  5736 | D:6      | Noticed Edmund
  5739 | D:6      | Reached XP level 9. HP: 38/44 MP: 4/14
  5756 | D:6      | Killed Edmund
  6051 | D:6      | Found a shadowy altar of Dithmenos.
  6054 | D:6      | Found an ancient bone altar of Kikubaaqudgha.
  6094 | D:6      | Found a transporter.
  6461 | D:6      | Found a snail-covered altar of Cheibriados.
  6776 | D:7      | Found a staircase to the Ecumenical Temple.
  6784 | Temple   | Entered the Ecumenical Temple
  6830 | Temple   | Became a worshipper of Uskayaw the Reveler
  6859 | D:7      | Reached * piety under Uskayaw
  6860 | D:7      | Reached ** piety under Uskayaw
  6893 | D:7      | Reached *** piety under Uskayaw
  6897 | D:7      | Reached **** piety under Uskayaw
  7217 | D:4      | Killed Menkaure
  7217 | D:4      | Reached XP level 10. HP: 48/49 MP: 15/15
  7335 | D:8      | Reached ***** piety under Uskayaw
  7451 | D:8      | Noticed a two-headed ogre
  7778 | D:8      | Killed a two-headed ogre
  7778 | D:8      | Reached skill level 1 in Invocations
  8083 | D:8      | Noticed a two-headed ogre
  8086 | D:8      | Reached skill level 10 in Short Blades
  8106 | D:8      | Killed a two-headed ogre
  8106 | D:8      | Reached skill level 5 in Stealth
  8289 | D:8      | Found a transporter.
  8289 | D:8      | Noticed Yelwes's ghost (novice DsFi)
  8294 | D:8      | Found a transporter.
  8543 | D:9      | Reached XP level 11. HP: 47/53 MP: 13/16
  8806 | D:9      | Reached skill level 5 in Invocations
  9312 | D:10     | Entered Level 10 of the Dungeon
  9358 | D:10     | Found a staircase to the Orcish Mines.
  9389 | D:10     | Noticed a cyan ugly thing
  9409 | D:10     | Killed a cyan ugly thing
  9492 | D:10     | Reached skill level 5 in Fighting
  9512 | D:10     | Reached ****** piety under Uskayaw
  9536 | D:10     | HP: 1/55 [porcupine (8)]
  9927 | D:10     | Killed an unseen horror
 10057 | D:10     | Noticed Snorg
 10075 | D:10     | Killed Snorg
 10128 | D:10     | Found a staircase to the Lair.
 10131 | D:10     | Gained mutation: You heal very quickly. [Vine Stalker
                  | growth]
 10131 | D:10     | Reached XP level 12. HP: 49/60 MP: 2/18
 10204 | D:10     | Reached skill level 5 in Dodging
 10221 | D:10     | Identified the +8 short sword of the Saviour {freeze,
                  | Int+2}
 10667 | D:10     | Found a staircase to the Orcish Mines.
 10695 | D:10     | Found a staircase to the Lair.
 11246 | Lair:1   | Entered Level 1 of the Lair of Beasts
 11573 | D:6      | Killed BRAPZZ's ghost
 11611 | D:6      | Killed a two-headed ogre
 11732 | D:8      | Killed Yelwes's ghost
 12005 | Orc:1    | Entered Level 1 of the Orcish Mines
 12292 | Orc:2    | Entered Level 2 of the Orcish Mines
 12578 | Orc:2    | Found a roughly hewn altar of Beogh.
 12821 | Orc:2    | Found a staircase to the Elven Halls.
 13063 | Orc:2    | Found a roughly hewn altar of Beogh.
 13229 | Orc:2    | Found a roughly hewn altar of Beogh.
 13276 | Orc:2    | Noticed Saint Roka
 13280 | Orc:2    | Found Emij's Antique Weapon Emporium.
 13280 | Orc:2    | Noticed an orc high priest
 13536 | Orc:1    | Noticed an orc high priest
 13541 | Orc:1    | Killed an orc high priest
 13671 | Orc:2    | Found a roughly hewn altar of Beogh.
 13687 | Orc:2    | Reached XP level 13. HP: 53/65 MP: 11/20
 13693 | Orc:2    | Found Unwo's Weapon Shop.
 13718 | Orc:2    | Found a roughly hewn altar of Beogh.
 13718 | Orc:2    | Found Xysmah's Gadget Shoppe.
 15018 | Lair:2   | Noticed Nergalle
 15022 | Lair:2   | Killed Nergalle
 15268 | Lair:2   | Reached skill level 10 in Stealth
 16046 | Lair:3   | Found a staircase to the Snake Pit.
 16213 | Lair:3   | Reached skill level 10 in Invocations
 16249 | Lair:3   | Noticed Sonja
 16255 | Lair:3   | Killed Sonja
 16382 | Lair:1   | Learned a level 6 spell: Invisibility
 16897 | Lair:4   | Reached skill level 1 in Hexes
 16914 | Lair:4   | Found a staircase to the Swamp.
 17047 | Lair:4   | Reached XP level 14. HP: 72/72 MP: 21/22
 17052 | Lair:4   | Learned a level 3 spell: Tukima's Dance
 17277 | Lair:4   | Found a stormy altar of Qazlal.
 17444 | Lair:5   | Found a staircase to the Slime Pits.
 17445 | Lair:5   | Found a viscous altar of Jiyva.
 18178 | Lair:6   | Entered Level 6 of the Lair of Beasts
 18180 | Lair:6   | Noticed Kirke
 18188 | Lair:6   | Killed Kirke
 18188 | Lair:6   | Reached skill level 5 in Hexes
 18973 | Lair:6   | Found a large runed translucent door.
 18973 | Lair:6   | Found a large runed translucent door.
 19700 | Lair:4   | You fall through a shaft for 2 floors!
 20359 | Orc:2    | Found a roughly hewn altar of Beogh.
 20361 | Orc:2    | Found Piuhepp's Antique Armour Shoppe.
 20364 | Orc:2    | Killed Saint Roka
 20364 | Orc:2    | Reached skill level 10 in Hexes
 20364 | Orc:2    | Reached XP level 15. HP: 77/77 MP: 23/23
 20628 | D:11     | Found a gate leading to a gauntlet.
 20726 | Gauntlet | Entered a Gauntlet
 20726 | Gauntlet | Found a transporter.
 20726 | Gauntlet | Found a transporter.
 20726 | Gauntlet | Found a transporter.
 20735 | Gauntlet | Found a transporter.
 20745 | Gauntlet | Found a transporter.
 20760 | Gauntlet | Found a transporter.
 20775 | Gauntlet | Found a transporter.
 20785 | Gauntlet | Found a transporter.
 20791 | Gauntlet | Found a transporter.
 20805 | Gauntlet | Found a transporter.
 20822 | Gauntlet | Found a transporter.
 20826 | Gauntlet | Found a transporter.
 21146 | Gauntlet | Got a scorched cloak
 21152 | Gauntlet | Identified the +0 cloak of the Lute {rC+ MR+} (You found it
                  | in a Gauntlet)
 21287 | Gauntlet | Got a crystal short sword
 21288 | Gauntlet | Identified the +6 short sword of Winter {venom, rPois rC+
                  | Dex+4} (You found it in a Gauntlet)
 22186 | D:12     | Noticed Psyche
 22193 | D:12     | Killed Psyche
 22194 | D:12     | Noticed Nessos
 22211 | D:12     | Killed Nessos
 22222 | D:12     | Noticed Fannar
 22318 | D:12     | Noticed Rupert
 22332 | D:12     | Killed Rupert
 22334 | D:12     | Killed Fannar
 23297 | D:12     | Found Sadath's Book Emporium.
 23400 | D:13     | Found a runed translucent door.
 23537 | D:13     | Found a frozen archway.
 23573 | IceCv    | Entered an ice cave
 23817 | IceCv    | Reached XP level 16. HP: 84/84 MP: 25/25
 23941 | IceCv    | HP: 3/126 [frost giant/+0 battleaxe of freezing (29)]
 23954 | IceCv    | Reached skill level 5 in Spellcasting
 24003 | IceCv    | Got a pair of twisted boots
 24009 | IceCv    | Identified the +1 pair of boots "Earthly Heaven" {*Contam
                  | Regen+ rCorr SInv} (You found it in an ice cave)
 24009 | IceCv    | Cool!
 25269 | D:13     | Found a gate to the Vaults.
 25573 | D:13     | Learned a level 1 spell: Confusing Touch
 26125 | D:14     | Found a runed translucent gate.
 26125 | D:14     | Found a runed translucent gate.
 26125 | D:14     | Found a runed translucent gate.
 26125 | D:14     | Noticed stupendous's ghost (journeyman FoFi)
 26255 | D:14     | Found a white marble altar of Elyvilon.
 26351 | D:14     | Found a flickering gateway to a bazaar.
 26362 | Bazaar   | Entered a bazaar
 26368 | Bazaar   | Found Heugueproh's Distillery.
 26376 | Bazaar   | Found Hatag's General Store.
 26387 | Bazaar   | Found Jiegam's Jewellery Emporium.
 26398 | Bazaar   | Found Ybiavvut's Antique Armour Shop.
 26406 | Bazaar   | Found Joelaq's Antique Weapon Shop.
 26420 | Bazaar   | Bought a glowing rapier for 126 gold pieces
 26420 | Bazaar   | Bought an ichor-stained hunting sling for 117 gold pieces
 26428 | Bazaar   | Bought a twisted ring mail for 243 gold pieces
 26428 | Bazaar   | Bought a runed hat for 189 gold pieces
 26458 | Bazaar   | Identified the +5 ring mail of the Hills {Int+4} (You
                  | bought it in a shop in a bazaar)
 26459 | Bazaar   | Identified the +6 hunting sling "Grim" {velocity, Str+4}
                  | (You bought it in a shop in a bazaar)
 26483 | Bazaar   | Bought a scroll of identify for 16 gold pieces
 26491 | Bazaar   | Bought a potion of degeneration for 18 gold pieces
 26504 | Bazaar   | Bought a potion of mutation for 144 gold pieces
 26504 | Bazaar   | Bought a potion of mutation for 144 gold pieces
 26879 | D:14     | Killed stupendous's ghost
 26917 | D:15     | Entered Level 15 of the Dungeon
 27172 | D:15     | Identified a scroll of acquirement
 27174 | D:15     | Got a shimmering quick blade
 27175 | D:15     | Identified the +2 quick blade of the Land of Plenty {pain,
                  | rElec} (You acquired it on level 15 of the Dungeon)
 27328 | D:15     | Got a pitted chain mail
 27538 | D:15     | Found a glowing golden altar of the Shining One.
 27567 | D:15     | Noticed Azrael
 27579 | D:15     | Killed Azrael
 27680 | D:15     | Found a staircase to the Depths.
 27682 | D:15     | Reached XP level 17. HP: 42/88 MP: 10/27
 28093 | Lair:1   | Identified the +2 chain mail of Puwn {Str+6} (You found it
                  | on level 15 of the Dungeon)
 28162 | Snake:1  | Entered Level 1 of the Snake Pit
 28188 | Snake:1  | Reached skill level 10 in Fighting
 28452 | Snake:1  | Found a basalt altar of Yredelemnul.
 28973 | Snake:2  | Noticed Aizul
 29124 | Snake:1  | Killed Aizul
 29197 | Snake:2  | Reached skill level 1 in Armour
 29479 | Snake:2  | Learned a level 2 spell: Blink
 29484 | Snake:2  | Learned a level 4 spell: Passage of Golubria
 29796 | Snake:2  | Reached skill level 1 in Translocations
 30393 | Snake:3  | Found a basalt altar of Yredelemnul.
 30924 | Snake:3  | Noticed Donald
 30931 | Snake:3  | Killed Donald
 30985 | Snake:3  | Reached skill level 1 in Shields
 31310 | Snake:3  | Found a runed translucent gate.
 31310 | Snake:3  | Found a runed translucent gate.
 31310 | Snake:3  | Found a runed translucent gate.
 31311 | Snake:3  | Noticed Paghisole's ghost (adept HOMo)
 31814 | Snake:3  | Reached skill level 5 in Shields
 31851 | Snake:4  | Entered Level 4 of the Snake Pit
 31982 | Snake:4  | Reached XP level 18. HP: 85/95 MP: 29/29
 32006 | Snake:4  | Found Yklomorch's Antique Armour Shop.
 32285 | Snake:2  | Killed Paghisole's ghost
 32605 | Snake:3  | Found a basalt altar of Yredelemnul.
 33106 | Snake:4  | Identified the cursed +0 large shield "Umeylit" {Regen+}
 33797 | Snake:4  | Reached skill level 10 in Shields
 34224 | Snake:4  | Got a serpentine rune of Zot
 34749 | Elf:1    | Entered Level 1 of the Elven Halls
 34812 | Elf:1    | Found Araoty's Distillery.
 34998 | Elf:1    | Reached XP level 19. HP: 98/99 MP: 30/30
 35062 | Elf:1    | Noticed Frances
 35078 | Elf:1    | Killed Frances
 35125 | Elf:1    | Found Eplarhem's Gadget Emporium.
 35126 | Elf:1    | Found Hokiutoj's Jewellery Boutique.
 35127 | Elf:1    | Found Wiploinn's Gadget Emporium.
 35135 | Elf:1    | Bought the ring of Robustness {AC+8} for 1920 gold pieces
 35135 | Elf:1    | Found the ring of Robustness {AC+8}
 35593 | Elf:2    | Found Orchujao's Antique Armour Shop.
 35855 | Elf:2    | Found a huge runed translucent gate.
 35855 | Elf:2    | Found a huge runed translucent gate.
 35855 | Elf:2    | Found a huge runed translucent gate.
 35855 | Elf:2    | Found a huge runed translucent gate.
 35856 | Elf:2    | Found a huge runed translucent gate.
 36709 | Elf:3    | Entered Level 3 of the Elven Halls
 36999 | Elf:3    | Found Adurphen's Armour Shop.
 37776 | Elf:3    | Reached XP level 20. HP: 82/104 MP: 6/31
 38203 | Elf:3    | Killed from afar by a deep elf annihilator

Levels and vault maps discovered:
D:1:      dpeg_arrival_leaves_temple_mockup, layout_basic, minmay_crystal_room
D:2:      layout_rooms, first_ration
D:3:      layout_loops_ring, makhleb_blood_cavern_becter,
          chequers_temple_overflow_statue_of_worship, serial_forest,
          infiniplex_forest_straight_5, infiniplex_forest_clump_medium,
          infiniplex_forest_zigzag_2, infiniplex_forest_lined_2,
          infiniplex_forest_clump_double, infiniplex_forest_clump_double,
          uniq_robin, uniq_jessica, uniq_natasha
D:4:      layout_rooms, uniq_duvessa, uniq_sigmund, uniq_menkaure
D:5:      layout_cave_pools, serial_glass, glass_columns_a, glass_columns_c
D:6:      layout_basic, okawaru_gym_becter, fedhas_bush_and_centaur_altar,
          grunt_temple_overflow_diamond, vehumet_altar_wand_db,
          gammafunk_ghost_smash, patterned_corridor, uniq_edmund,
          uniq_blork_the_orc
D:7:      layout_rooms, minmay_temple_entry_glass
D:8:      layout_basic, gammafunk_ghost_mausoleum
D:9:      layout_stronghold
D:10:     minmay_goldmine, layout_rooms, minmay_lair_entry_grove,
          kennysheep_big_empty_room, hangedman_little_slice_of_home,
          minmay_checkerbox, uniq_snorg
D:11:     minmay_the_grid_3x3 [minmay_the_grid_spin_star, minmay_the_grid_empty,
          minmay_the_grid_paths, minmay_the_grid_fan, minmay_the_grid_empty,
          minmay_the_grid_pillar_ring, minmay_the_grid_dragon_a,
          minmay_the_grid_square_x, minmay_the_grid_prize_big_room],
          layout_cave_pools, gauntlet_entry_generic, minmay_microvault
D:12:     layout_basic, serial_shops, kennysheep_mini_moat, uniq_nessos,
          uniq_rupert, uniq_fannar, uniq_psyche
D:13:     layout_small_grid, grunt_vaults_entry_fortified,
          portal_ice_cave_entry_pillars_1, minmay_st_funbox
D:14:     layout_basic, serial_shops, bzr_entry_road, gammafunk_ghost_spectres,
          minmay_misc_feat_doors, elyvilon_altar_5
D:15:     hangedman_depths_entry_try_elsewhere_first, layout_loops_ring,
          minmay_hedge_maze, fountainhead, nicolae_tso_carved_into_rock,
          uniq_azrael
Temple:   nicolae_temple_god_jail
Lair:1:   layout_roguey, serial_bayou_shore_a, grunt_megastairs_5
Lair:2:   layout_chaotic_city, minmay_another_anthill, uniq_nergalle
Lair:3:   layout_regular_city, minmay_snake_entry_six_corridors,
          serial_bayou_pond_c, minmay_holes, chequers_serial_rivers_micro_a,
          cheibrodos_lair_caveside_slide, uniq_sonja
Lair:4:   layout_gridlike, minmay_swamp_entry_worms, lemuel_oklob_altar,
          lemuel_fruit_tree, infiniplex_staircase_pool_2
Lair:5:   layout_concentric_octagons, slime_altar_1, grunt_megastairs_1
Lair:6:   cheibrodos_lair_end_hotspot, layout_regular_city,
          serial_bayou_lagoon_a, uniq_kirke
Snake:1:  layout_misc_corridors, basic_altar, nicolae_large_snake_swirl
Snake:2:  layout_cave_pods, uniq_aizul
Snake:3:  layout_cave_town, gammafunk_ghost_necromancy, basic_altar,
          serial_bayou_lagoon_b, uniq_donald
Snake:4:  johnstein_snake_rune_scales, layout_layer_cave, minmay_shop_star,
          grunt_megastairs_3
Orc:1:    layout_diamond_mine
Orc:2:    grunt_orc_community_town_hall, layout_caves,
          grunt_orc_community_big_house_2, grunt_orc_community_big_house_1,
          grunt_orc_community_house_3, grunt_orc_community_house_3,
          grunt_orc_community_house_1, grunt_orc_community_house_1,
          grunt_orc_community_house_3, grunt_orc_community_house_3
Elf:1:    minmay_elf_arrival_circle, layout_geoelf_grid, serial_shops, shop,
          kennysheep_underground_church, minmay_shop_grove, uniq_frances
Elf:2:    layout_geoelf_diagonals, serial_shops, shop
Elf:3:    minmay_elf_hall, layout_gridlike, serial_shops, shop,
          hangedman_elf_simple_split

Skill      XL: |  1  2  3  4  5  6  7  8  9 10 11 12 13 14 15 16 17 18 19 20 |
---------------+-------------------------------------------------------------+-----
Spellcasting   | 3 4 5 |  5.6
Poison Magic   | 4 5 6 7 9 |  9.0
Short Blades   | 1 3 4 6 9 10 12 13 | 13.0
Fighting       | 1 3 4 5 6 7 8 9 10 11 | 11.0
Dodging        | 2 3 4 6 7 8 9 |  9.9
Stealth        | 3 4 5 8 9 10 11 12 13 14 | 14.2
Invocations    | 4 7 8 10 11 13 14 | 14.3
Hexes          | 2 10 11 12 | 12.8
Armour         | 2 3 |  3.6
Translocations | 2 3 |  3.9
Shields        | 5 12 14 | 14.4
Conjurations   | |  1.0

Action                   |  1- 3 |  4- 6 |  7- 9 | 10-12 | 13-15 | 16-18 | 19-21 || total
-------------------------+-------+-------+-------+-------+-------+-------+-------++-------
Melee: Unarmed           |    22 |     2 |       |       |       |       |       ||    24
       Bite              |     4 |    20 |    48 |   109 |   237 |   275 |    69 ||   762
       Quarterstaff      |       |    16 |       |       |       |       |       ||    16
       Dagger            |       |    49 |   162 |   290 |       |       |       ||   501
       Short sword       |       |       |       |   142 |   868 |   428 |       ||  1438
       Quick blade       |       |       |       |       |       |   595 |   305 ||   900
Throw: Stone             |       |       |       |       |       |     7 |       ||     7
 Cast: Sting             |    29 |    12 |     4 |     2 |       |       |       ||    47
       Poisonous Vapours |    29 |    35 |    26 |    24 |    18 |    26 |       ||   158
       Olgreb's Toxic Ra |       |    16 |    32 |   102 |   118 |    77 |    32 ||   377
       Mephitic Cloud    |       |       |       |     3 |     9 |     1 |     3 ||    16
       Invisibility      |       |       |       |       |     3 |     5 |     3 ||    11
       Tukima's Dance    |       |       |       |       |     2 |     3 |       ||     5
       Confusing Touch   |       |       |       |       |       |    10 |     2 ||    12
       Blink             |       |       |       |       |       |     2 |       ||     2
Invok: Stomp             |       |       |       |     3 |     1 |     3 |     1 ||     8
       Grand Finale      |       |       |       |     1 |     1 |    20 |     7 ||    29
       Line Pass         |       |       |       |     2 |    10 |     9 |     2 ||    23
Evoke: Wand              |       |       |       |     1 |       |     8 |     1 ||    10
  Use: Scroll            |       |       |       |    15 |    18 |    17 |     5 ||    55
       Potion            |       |       |       |     1 |       |     2 |       ||     3
 Stab: Sleeping          |       |       |     4 |    14 |    31 |    31 |    13 ||    93
       Paralysed         |       |       |     1 |    35 |    87 |    99 |    34 ||   256
       Invisible         |       |       |       |     1 |     6 |     5 |     8 ||    20
       Distracted        |       |       |       |     1 |     2 |     2 |       ||     5
       Confused          |       |       |       |     1 |     9 |    16 |     7 ||    33
  Eat: Chunk             |     3 |    13 |    17 |    43 |    63 |    35 |    21 ||   195
       Ration            |       |       |     1 |     1 |       |     9 |       ||    11
Armor: Robe              |    18 |     2 |    13 |       |    12 |     5 |       ||    50
       Ring mail         |       |       |    21 |   125 |   154 |   193 |    38 ||   531
       Fire dragon scale |       |       |       |       |     7 |       |       ||     7
Dodge: Dodged            |    46 |    17 |    52 |   153 |   356 |   364 |    53 ||  1041
Block: Shield            |       |       |       |       |       |   104 |    73 ||   177
       Reflection        |       |       |       |       |       |    17 |    16 ||    33

Table legend:
 A = Non-vault XP
 B = Vault XP
 C = Vault XP percentage of total XP
 D = Non-vault monster count
 E = Vault monster count
 F = Vault count percentage of total count
                 A         B        C        D         E       F
            +---------+---------+-------+---------+---------+-------
      Total |  222684 |  204666 |  47.9 |     898 |     480 |  34.8
            +---------+---------+-------+---------+---------+-------
        D:1 |      39 |       0 |   0.0 |      23 |       0 |   0.0
        D:2 |     106 |       0 |   0.0 |      24 |       0 |   0.0
        D:3 |     214 |     149 |  41.0 |      40 |      14 |  25.9
        D:4 |     326 |     615 |  65.4 |      16 |       4 |  20.0
        D:5 |     490 |       0 |   0.0 |       9 |       0 |   0.0
        D:6 |    1531 |    1802 |  54.1 |      32 |       8 |  20.0
        D:7 |     978 |       0 |   0.0 |      33 |       0 |   0.0
        D:8 |    3614 |     888 |  19.7 |      40 |       4 |   9.1
        D:9 |    3112 |       0 |   0.0 |      38 |       0 |   0.0
       D:10 |    5506 |    3654 |  39.9 |      40 |      37 |  48.1
       D:11 |    6776 |    5431 |  44.5 |      43 |      20 |  31.7
       D:12 |    5848 |    5662 |  49.2 |      34 |       4 |  10.5
       D:13 |   10330 |   12466 |  54.7 |      49 |      19 |  27.9
       D:14 |   10721 |    2808 |  20.8 |      42 |       6 |  12.5
       D:15 |    9869 |    5477 |  35.7 |      31 |      10 |  24.4
     Lair:1 |    2281 |     292 |  11.3 |      11 |       2 |  15.4
     Lair:2 |    4507 |    3636 |  44.7 |      22 |      24 |  52.2
     Lair:3 |    3789 |    1629 |  30.1 |      12 |      14 |  53.8
     Lair:4 |    6643 |    1009 |  13.2 |      30 |       3 |   9.1
     Lair:5 |    6231 |     620 |   9.0 |      17 |       3 |  15.0
     Lair:6 |    6603 |    9196 |  58.2 |      28 |      26 |  48.1
    Snake:1 |   11628 |    1544 |  11.7 |      22 |       1 |   4.3
    Snake:2 |   16670 |    2743 |  14.1 |      23 |       1 |   4.2
    Snake:3 |   25259 |    4105 |  14.0 |      46 |      11 |  19.3
    Snake:4 |   19505 |   37693 |  65.9 |      38 |      66 |  63.5
      Orc:1 |    2636 |       0 |   0.0 |      30 |       0 |   0.0
      Orc:2 |    2725 |   12813 |  82.5 |      33 |      71 |  68.3
      Elf:1 |   13041 |    8236 |  38.7 |      22 |      11 |  33.3
      Elf:2 |   20909 |   23874 |  53.3 |      33 |      28 |  45.9
      Elf:3 |   20797 |   39021 |  65.2 |      37 |      22 |  37.3
      IceCv |       0 |   14694 | 100.0 |       0 |      56 | 100.0
   Gauntlet |       0 |    4609 | 100.0 |       0 |      15 | 100.0
            +---------+---------+-------+---------+---------+-------
